 Dungeon Crawl Stone Soup version 0.27.1-34-g3ba077fa99 (webtiles) character file.

Game seed: 5189233382995769751

318 Delamore the Cutter (level 6, -1/39 HPs)
             Began as an Octopode Brigand on Jan 16, 2022.
             Slain by a bullfrog skeleton (4 damage)
             ... on level 5 of the Dungeon.
             The game lasted 00:03:54 (2883 turns).

Delamore the Cutter (Octopode Brigand)              Turns: 2883, Time: 00:03:55

Health: -1/39      AC:  1    Str: 10    XL:     6   Next: 45%
Magic:  6/6        EV: 12    Int: 14    God:
Gold:   616        SH:  0    Dex: 15    Spells: 5/5 levels left

rFire    . . .     SeeInvis .   a - +2 dagger
rCold    . . .     Faith    .   (no shield)
rNeg     . . .     Spirit   .   (helmet restricted)
rPois    .         Reflect  .   (no amulet)
rElec    .         Harm     .   (no ring)
rCorr    .         Rampage  .   (no ring)
Will     .....                  (no ring)
Stlth    ++++......             (no ring)
HPRegen  0.13/turn              (no ring)
MPRegen  0.10/turn              (no ring)
                                (no ring)
                                (no ring)

@: hasted, very quick
A: almost no armour, amphibious, 8 rings, camouflage 1, gelatinous body 1,
(nimble swimmer 1), tentacles
a: no special abilities


You were on level 5 of the Dungeon.
You visited 1 branch of the dungeon, and saw 6 of its levels.

You collected 616 gold pieces.

Inventory:

Hand Weapons
 a - a +2 dagger (weapon)
Missiles
 b - 25 poisoned darts (quivered)
 c - 2 curare-tipped darts
 h - 5 silver javelins
Wands
 d - a wand of iceblast (9)
 i - a wand of flame (26)
Scrolls
 j - a scroll of noise {unknown}
Potions
 f - a potion of berserk rage {unknown}
 g - a potion of curing {unknown}
 l - a potion of might {unknown}


   Skills:
 - Level 2.0 Fighting
 + Level 5.6 Short Blades
 - Level 4.0 Throwing
 - Level 1.0 Dodging
 - Level 5.3 Stealth


You had 5 spell levels left.
You didn't know any spells.
Your spell library was empty.

Dungeon Overview and Level Annotations

Branches:
Dungeon (7/15)
 Temple: D:4-7

Altars:


Innate Abilities, Weirdness & Mutations

You cannot wear most types of armour.
You are amphibious.
You can wear up to eight rings at the same time.
Your skin changes colour to match your surroundings (Stealth+).
Your rubbery body absorbs attacks. (AC +1, EV +1)
((You are camouflaged near water. (Stealth+)))
You have tentacles for arms and can constrict up to eight enemies at once.


Message History

You hit the phantom.
The phantom is lightly damaged.
The phantom hits you!
The phantom blinks!
You blink.
As you read the scroll of holy word, it crumbles to dust.
You speak a Word of immense power!
The phantom convulses!
The phantom hits you but does no damage.
You hit the phantom but do no damage.
The phantom is severely damaged.
The phantom hits you.
The phantom blinks!
You blink.
You closely miss the phantom. Your squeeze misses the phantom.
The phantom is severely damaged.
The phantom is lost in a daze.
You closely miss the phantom.
The phantom is severely damaged.
You hit the phantom. You squeeze the phantom.
The phantom is almost destroyed.
The phantom hits you!
* * * LOW HITPOINT WARNING * * *
Aiming: Throw Flame
Press: ? - help, Shift-Dir - straight line, f - phantom
Aim: a phantom (almost destroyed, dazed, 56% to hit)
The puff of flame hits the phantom.
You destroy the phantom!
Training target 4.0 for Throwing reached!
Your Throwing skill increases to level 4!
A bullfrog skeleton comes into view.
You see here a wand of iceblast (9).
d - a wand of iceblast (9)
The bullfrog skeleton hits you.
* * * LOW HITPOINT WARNING * * *
Aiming: Throw Flame
Press: ? - help, Shift-Dir - straight line, f - bullfrog skeleton
Aim: a bullfrog skeleton (89% to hit)
The puff of flame hits the bullfrog skeleton.
The bullfrog skeleton is lightly damaged.
The bullfrog skeleton misses you.
Okay, then.
It was a potion of haste.
You feel yourself speed up. The bullfrog skeleton hits you.
You die...

#.##.########...#
#.##.#########.#####
#..................#
###..#.#########.###.#
.......# #.# ##..####
#.# #..# #.#
#..######## ###.#
##.........# #..@#
...#######.##...Z.#
#### #.##.....#
#.##.....# #.###...##
#.# ##.## #.# #. #.#
#. #.#


You could see a bullfrog skeleton.

Vanquished Creatures
  A steam dragon (D:6)
  A phantom (D:5)
  A scorpion zombie (D:5)
  2 adders (D:3)
  A worm (D:2)
  4 dart slugs (D:2)
  An orc (D:5)
  6 ball pythons
  9 endoplasms
  2 giant cockroaches
  6 goblins
  3 hobgoblins
  5 quokkas
  7 bats
  4 frilled lizards (D:1)
  6 kobolds
  4 rats
63 creatures vanquished.

Vanquished Creatures (others)
  A gnoll (D:6)
1 creature vanquished.

Grand Total: 64 creatures vanquished

Notes
Turn   | Place    | Note
-------+----------+-------------------------------------------
     0 | D:1      | Delamore the Octopode Brigand began the quest for the Orb.
     0 | D:1      | Reached XP level 1. HP: 14/14 MP: 1/1
   339 | D:1      | Reached XP level 2. HP: 19/19 MP: 2/2
   839 | D:1      | Reached XP level 3. HP: 18/24 MP: 3/3
  2053 | D:2      | Reached XP level 4. HP: 23/29 MP: 4/4
  2212 | D:2      | Identified a scroll of acquirement
  2213 | D:2      | Acquired 513 gold pieces
  2505 | D:3      | You fall into a shaft and drop 3 floors!
  2506 | D:6      | Noticed an ogre
  2512 | D:6      | Noticed a kobold brigand
  2519 | D:6      | Noticed a bullfrog
  2773 | D:6      | Noticed a steam dragon
  2781 | D:6      | Killed a steam dragon
  2782 | D:6      | Reached skill level 5 in Short Blades
  2782 | D:6      | Reached XP level 5. HP: 34/34 MP: 5/5
  2794 | D:5      | Entered Level 5 of the Dungeon
  2821 | D:5      | Reached XP level 6. HP: 26/39 MP: 6/6
  2883 | D:5      | Slain by a bullfrog skeleton

Illustrated notes

Levels and vault maps discovered:
D:1:      dpeg_arrival_tiny_k, layout_loops_ring
D:2:      minmay_evil_eye, layout_rooms
D:3:      layout_basic, shapermc_ecumenical_altar_mp_ritualfount
D:5:      layout_loops_ring, minitemple, serial_shops, nicolae_shop_stone,
          nicolae_ossuary_entry_giza, kennysheep_generic_room_10, uniq_edmund
D:6:      layout_basic, temple_green, nicolae_sextant, corexii_shack,
          uniq_eustachio
D:7:      layout_rooms, marbit_many_paths

Skill      XL: |  1  2  3  4  5  6 |
---------------+-------------------+-----
Short Blades   | 3 4 5 |  5.6
Throwing       | 3 4 |  4.0
Fighting       | |  2.0
Dodging        | |  1.0
Stealth        | |  5.3

Action                   |  1- 3 |  4- 6 || total
-------------------------+-------+-------++-------
Melee: Dagger            |    86 |    32 ||   118
       Tentacles         |    10 |     6 ||    16
       Constrict         |    14 |     2 ||    16
Evoke: Wand              |       |     2 ||     2
  Use: Scroll            |       |     7 ||     7
       Potion            |       |     1 ||     1
 Stab: Sleeping          |    17 |    10 ||    27
       Distracted        |     1 |       ||     1
Armor: Skin              |     3 |     3 ||     6
Dodge: Dodged            |    24 |    12 ||    36
